AoeStats
← кислород

Arabia

509659011Analyzed
1v1 RM · 4d ago on Sep 27, 2026· 30m 56s· 2 players
Game mode
Random Map
Map size
Tiny (2 player)
Population
200
Speed
Normal
Resources
Standard
Victory
Conquest
Starting age
Dark Age
Ending age
Imperial Age
RankedLock teamsTeams togetherTeam positionsShared explorationLock speedFull tech treeHidden civsTurbo modeCheats
Victory
Defeat
🇺🇸 Danes · United States
1986
+20
🇨🇦 Khitans · Canada
2086
-20
snowshawnskate
12:44 Loom
15:29 Feudal Age
15:43 Man-at-Arms
17:01 Forging
16:48 Arson
17:55 Wheelbarrow
18:25 Double-Bit Axe
19:19 Fletching
25:35 Castle Age
24:38 Horse Collar
26:02 Gambesons
26:17 Squires
25:38 Long Swordsman
25:45 Long Swordsman
26:28 Squires
26:30 Scale Mail Armor
26:48 Bodkin Arrow
кислород
6:52 Loom
9:15 Feudal Age
9:25 Man-at-Arms
23:59 Castle Age
22:26 Double-Bit Axe
23:22 Fletching
24:01 Forging
24:52 Bodkin Arrow
25:56 Bow Saw
25:42 Light Cavalry
26:28 Scale Barding Armor
Connection lost

Rejoining the realm…

Still unreachable

The connection could not be restored.

Session expired

The server has moved on; the page needs a fresh start.